[Event "Titled Tuesday Blitz May 03 Late 2022"]
[White "Vlassov, Nikolai"]
[Black "Bas Mas, Jose Joaquin"]
[WhiteFideId "4103360"]
[BlackFideId "22219064"]
[WhiteElo "2407"]
[BlackElo "2212"]
[Result "1-0"]
[Round "03"]
[TimeControl "180+1"]
[Date "2022.05.03"]
[WhiteClock "0:00:32"]
[BlackClock "0:00:30"]

1. e4 c5 2. c3 d5 3. exd5 Qxd5 4. d4 Nf6 5. Nf3 e6 6. a3 Nc6 7. Be3 Ng4 8. Bd3 cxd4 9. cxd4 Nxe3 10. fxe3 Be7 11. Nc3 Qh5 12. O-O a6 13. Ne4 O-O 14. Qe2 b5 15. Rac1 Bb7 16. Nc5 Bxc5 17. Rxc5 Qh6 18. Be4 Nd8 19. Bxb7 Nxb7 20. Rc7 Nd6 21. Ne5 Nf5 22. Rf3 Rac8 23. Nxf7 Qf6 24. Rxc8 Rxc8 25. Ne5 Rc1+ 26. Rf1 Rc7 27. Qf3 Qd8 28. Qe4 g6 29. Nd3 Qd5 30. Qf4 Rc2 31. Rf2 Rxf2 32. Kxf2 Qc4 33. Qe4 a5 34. Nc5 Kf7 35. Qb7+ Kf6 36. Ne4# 1-0


[Site "https://www.chess.com"]

[Event "Titled Tuesday Blitz May 03 Late 2022"]
[White "Voege, Tobias"]
[Black "Yuan, Qingyu"]
[WhiteFideId "1270513"]
[BlackFideId "8609772"]
[WhiteElo "2297"]
[BlackElo "2359"]
[Result "0-1"]
[Round "03"]
[TimeControl "180+1"]
[Date "2022.05.03"]
[WhiteClock "0:00:04"]
[BlackClock "0:00:06"]

1. d4 d5 2. c4 e6 3. Nc3 Nf6 4. Bg5 dxc4 5. e4 c5 6. d5 Be7 7. Bxc4 exd5 8. Bxf6 Bxf6 9. Bxd5 O-O 10. Nge2 Qe7 11. O-O Nc6 12. Qa4 Bd7 13. Qa3 Rab8 14. Rad1 b5 15. Qb3 c4 16. Qc2 Nb4 17. Qb1 Rfc8 18. Ng3 g6 19. f4 Nd3 20. e5 Bg7 21. Be4 Bg4 22. Rd2 b4 23. Nd5 Qc5+ 24. Kh1 Rd8 25. Qc2 Rxd5 26. Bxd5 Qxd5 27. b3 Qc6 28. Rxd3 c3 29. Rd6 Qb5 30. Re1 Bf8 31. Rd4 Bc5 32. Rd5 Be6 33. Rd3 a5 34. f5 gxf5 35. Rf3 Qd7 36. Nxf5 Qd2 37. Qxd2 cxd2 38. Rd1 Bxf5 39. Rxf5 Be3 40. Rf3 Bh6 41. Rh3 Rc8 42. Rf3 Rc2 43. Kg1 Rxa2 44. Kf1 a4 45. bxa4 Rxa4 46. Rb3 Bf4 47. g3 Bh6 48. Ke2 Kf8 49. h4 Ke7 50. g4 Bf4 51. Kf3 Bxe5 52. Rxd2 Bc3 53. Re2+ Kf6 54. Re4 Ra1 55. Rc4 Rf1+ 56. Kg2 Rd1 57. Rbxc3 bxc3 58. Rxc3 Rd4 59. Kf3 h6 60. Rc6+ Kg7 61. h5 Rd3+ 62. Kf4 Ra3 63. Rc5 Ra4+ 64. Kg3 Ra1 65. Kf4 Rf1+ 66. Kg3 Rg1+ 67. Kf4 Re1 68. Rc6 Rd1 69. Kg3 Rd4 70. Rc5 Rb4 71. g5 Rb3+ 72. Kg4 Rb4+ 73. Kg3 hxg5 74. Rxg5+ Kh6 75. Rc5 Re4 76. Rd5 f6 77. Rc5 Rd4 78. Rb5 Rc4 79. Rd5 Rb4 80. Rc5 Rd4 81. Rb5 Re4 82. Rd5 Kg7 83. Kf3 Rh4 84. Kg3 Rc4 85. Rb5 Kh7 86. Ra5 Kh6 87. Rf5 Kg7 88. Rb5 Re4 89. Rc5 Rd4 90. Rb5 Rc4 91. Rd5 Kh6 92. Rb5 Rc6 93. Rd5 Ra6 94. Kg4 Ra1 95. Rc5 Rg1+ 96. Kf4 Rg2 97. Rd5 Rf2+ 98. Kg4 Rf1 99. Rc5 Rg1+ 100. Kf4 Rh1 101. Kg4 Rf1 102. Rf5 Rg1+ 103. Kf4 Kg7 104. Rb5 Rf1+ 105. Kg4 Rd1 106. Rb7+ Kh6 107. Rb5 Re1 108. Kf5 Rf1+ 109. Kg4 Kg7 110. Rb7+ Kg8 111. Rb5 Rg1+ 112. Kf5 Rg5+ 0-1


[Site "https://www.chess.com"]

[Event "Titled Tuesday Blitz May 03 Late 2022"]
[White "Vovk, Orest"]
[Black "Dimakiling, Oliver"]
[WhiteFideId "14113490"]
[BlackFideId "5202248"]
[WhiteElo "2203"]
[BlackElo "2426"]
[Result "0-1"]
[Round "03"]
[TimeControl "180+1"]
[Date "2022.05.03"]
[WhiteClock "0:00:13"]
[BlackClock "0:01:10"]

1. h4 e5 2. h5 d5 3. h6 Nxh6 4. d4 e4 5. Bxh6 gxh6 6. e3 c5 7. Ne2 Nc6 8. Nbc3 cxd4 9. Nxd4 Bg7 10. Rh5 Be6 11. Nxe6 fxe6 12. Qg4 Qf6 13. O-O-O O-O 14. Rd2 Ne5 15. Qh4 Qxh4 16. Rxh4 Rac8 17. Nb5 Nc4 18. Bxc4 Rxc4 19. c3 a6 20. Nd4 Rf6 21. Kc2 Kf7 22. b3 Rc8 23. g3 e5 24. Ne2 Rxf2 25. Ng1 Rxd2+ 26. Kxd2 b5 27. Nh3 Rc6 28. Nf2 Rg6 29. g4 Rf6 30. Ke2 Rf3 31. c4 d4 32. Nd1 bxc4 33. bxc4 Kg6 34. c5 Bf8 35. c6 d3+ 36. Kd2 Bb4+ 37. Kc1 Rf6 38. g5 Rxc6+ 39. Kb2 hxg5 40. Rxe4 Bd6 41. Rg4 h5 42. Rg2 e4 43. Kb3 Be5 44. Rg1 g4 45. Nf2 Kf5 46. Rf1 g3 47. Nxe4+ Kxe4 0-1


[Site "https://www.chess.com"]

[Event "Titled Tuesday Blitz May 03 Late 2022"]
[White "Vujic, Mihailo"]
[Black "Piesik, Piotr"]
[WhiteFideId "918873"]
[BlackFideId "1136194"]
[WhiteElo "2256"]
[BlackElo "2190"]
[Result "0-1"]
[Round "03"]
[TimeControl "180+1"]
[Date "2022.05.03"]
[WhiteClock "0:00:03"]
[BlackClock "0:00:06"]

1. e4 g6 2. d4 Bg7 3. Nc3 c6 4. Nf3 d6 5. a4 Nf6 6. Bg5 O-O 7. Qd2 Bg4 8. Bh6 Nbd7 9. Bxg7 Kxg7 10. Be2 e5 11. dxe5 dxe5 12. h3 Bxf3 13. Bxf3 Qe7 14. g4 Nc5 15. h4 Rfd8 16. Qe3 Ne6 17. h5 Nf4 18. hxg6 hxg6 19. Ne2 Qb4+ 20. Kf1 Qxb2 21. Re1 Rh8 22. Nxf4 Rxh1+ 23. Bxh1 exf4 24. Qxf4 Qxc2 25. e5 Nd5 26. Bxd5 Qd3+ 27. Kg1 Qxd5 28. Qf6+ Kg8 29. e6 Re8 30. e7 c5 31. Re3 Qd1+ 32. Kh2 Qd4 33. Qh4 c4 34. Rh3 Qe5+ 35. Kg2 Rxe7 36. Qh7+ Kf8 37. Rf3 Qg7 38. Qh2 Re8 39. Qc7 Kg8 40. Qxc4 Qf8 41. Rf6 Kg7 42. g5 Qe7 43. Qc3 Qe5 44. Qd2 Re6 45. Rf3 Rd6 46. Qc1 Rd5 47. Rg3 Qe4+ 48. Kh2 Qh4+ 49. Kg2 Qxa4 50. Qc3+ Qd4 51. Qc7 Qe4+ 52. Kh2 Rd1 53. Qc3+ Qd4 54. Qf3 Rd2 55. Rg2 a5 56. Kg3 Qe5+ 57. Kh3 Rd4 0-1


[Site "https://www.chess.com"]

[Event "Titled Tuesday Blitz May 03 Late 2022"]
[White "Wachinger, Guenther"]
[Black "Biletskiy, Danylo"]
[WhiteFideId "4604261"]
[BlackFideId "14155419"]
[WhiteElo "2212"]
[BlackElo "2087"]
[Result "1-0"]
[Round "03"]
[TimeControl "180+1"]
[Date "2022.05.03"]
[WhiteClock "0:00:05"]
[BlackClock "0:00:01"]

1. e4 c5 2. Nf3 Nc6 3. d4 cxd4 4. Nxd4 e5 5. Nb5 d6 6. c4 a6 7. N5c3 f5 8. exf5 Bxf5 9. Bd3 Nge7 10. O-O g6 11. Bg5 Qd7 12. Bf6 Rg8 13. Nd5 Nxd5 14. cxd5 Nd4 15. f4 Bg7 16. Bxg7 Rxg7 17. Nc3 Re7 18. Rc1 Rc8 19. b3 h5 20. Qd2 Kf7 21. Ne4 Bxe4 22. fxe5+ Bf5 23. e6+ Nxe6 24. Bxf5 gxf5 25. Rxf5+ Kg6 26. dxe6 Qxe6 27. Qg5+ Kh7 28. Rxc8 Qxc8 29. Qxe7+ Kh6 30. Rf6+ Kg5 31. Rf8+ Kg6 32. Rxc8 1-0


[Site "https://www.chess.com"]

[Event "Titled Tuesday Blitz May 03 Late 2022"]
[White "Weber, Samuel"]
[Black "Simonovic, Miroslav"]
[WhiteFideId "12924008"]
[BlackFideId "919152"]
[WhiteElo "2215"]
[BlackElo "2043"]
[Result "1-0"]
[Round "03"]
[TimeControl "180+1"]
[Date "2022.05.03"]
[WhiteClock "0:00:47"]
[BlackClock "0:00:07"]

1. b3 c5 2. Bb2 Nc6 3. g3 d6 4. Bg2 e5 5. c4 g6 6. d3 Bg7 7. Nf3 Nge7 8. O-O O-O 9. Ne1 d5 10. cxd5 Nxd5 11. Nc3 Be6 12. Nc2 Rc8 13. Qd2 Qd7 14. Ne3 Nce7 15. Rfc1 b6 16. Nexd5 Nxd5 17. Ne4 h6 18. Qe1 f5 19. Nd2 Rfe8 20. Nc4 Bf7 21. Rd1 f4 22. Rac1 g5 23. Qf1 h5 24. Be4 Nf6 25. Qg2 Nxe4 26. dxe4 Qb5 27. gxf4 Bxc4 28. Rxc4 gxf4 29. Kh1 Qc6 30. Rg1 Qf6 31. Rc3 Re6 32. Rh3 Kf7 33. Rxh5 Rh8 34. Rf5 Rxh2+ 35. Qxh2 Qxf5 36. exf5 Rh6 37. Rxg7+ Kxg7 38. f6+ Kg6 39. Qxh6+ Kxh6 40. Bxe5 Kg6 41. f3 Kf7 42. Kh2 b5 43. Kh3 a5 44. Kg4 c4 45. bxc4 b4 46. Kf5 a4 47. c5 b3 48. axb3 axb3 49. c6 Ke8 50. Bb2 Kd8 51. Kxf4 Kc7 52. f7 Kxc6 53. f8=Q Kd5 54. Qf5+ Kc4 55. Qe4+ Kb5 56. Qd5+ Kb6 57. Qxb3+ Kc7 58. Be5+ Kd7 59. Qd5+ Ke7 60. Qd6+ Kf7 61. Qf6+ Ke8 62. Qg7 Kd8 63. Ke4 Ke8 64. Kd5 Kd8 65. Kd6 1-0


[Site "https://www.chess.com"]

[Event "Titled Tuesday Blitz May 03 Late 2022"]
[White "Winkels, Marcel"]
[Black "Kim, Sergey"]
[WhiteFideId "1003887"]
[BlackFideId "13700570"]
[WhiteElo "1900"]
[BlackElo "2532"]
[Result "0-1"]
[Round "03"]
[TimeControl "180+1"]
[Date "2022.05.03"]
[WhiteClock "0:00:02"]
[BlackClock "0:01:23"]

1. e4 e5 2. Nf3 Nc6 3. Bc4 Bc5 4. b4 Bxb4 5. c3 Ba5 6. d4 d6 7. O-O Bb6 8. dxe5 dxe5 9. Qxd8+ Nxd8 10. Nxe5 Be6 11. Be2 Nf6 12. Nd2 O-O 13. Bf3 Re8 14. Nec4 Bc5 15. e5 Nd5 16. Bb2 Nc6 17. Rab1 Rad8 18. Ba1 Bb6 19. Nxb6 axb6 20. Rfe1 Nf4 21. Nb3 Nd3 22. Re2 Ndxe5 23. Be4 Nc4 24. Nd4 Nxd4 25. cxd4 c6 26. Bd3 Bd5 27. Rxe8+ Rxe8 28. h3 b5 29. Bc3 g6 30. Kf1 Ra8 31. a4 Rxa4 32. Bc2 Ra3 0-1


[Site "https://www.chess.com"]

[Event "Titled Tuesday Blitz May 03 Late 2022"]
[White "Yanayt, Eugene"]
[Black "Skytte, Rasmus"]
[WhiteFideId "2020165"]
[BlackFideId "1404210"]
[WhiteElo "2046"]
[BlackElo "2430"]
[Result "1-0"]
[Round "03"]
[TimeControl "180+1"]
[Date "2022.05.03"]
[WhiteClock "0:00:48"]
[BlackClock "0:01:34"]

1. e4 c6 2. d4 d5 3. Nc3 dxe4 4. Nxe4 Nf6 5. Ng3 h5 6. h4 Bg4 7. N1e2 e6 8. Bg5 Be7 9. Qd3 Nbd7 10. f3 Bf5 11. Nxf5 exf5 12. Qxf5 Qb6 13. O-O-O Qa6 14. Nc3 Qb6 15. d5 cxd5 16. Nxd5 Nxd5 17. Qxd5 Bxg5+ 18. hxg5 Qe3+ 19. Kb1 O-O 20. Bd3 Rfd8 21. Bh7+ Kxh7 22. Qxf7 Qxg5 23. Rxh5+ Qxh5 24. Qxh5+ Kg8 25. Qd5+ Kh8 26. Rh1# 1-0


[Site "https://www.chess.com"]

[Event "Titled Tuesday Blitz May 03 Late 2022"]
[White "Zherebtsova, Alexandra"]
[Black "Zakhartsov, Vladimir"]
[WhiteFideId "24129518"]
[BlackFideId "4145097"]
[WhiteElo "2025"]
[BlackElo "2491"]
[Result "0-1"]
[Round "03"]
[TimeControl "180+1"]
[Date "2022.05.03"]
[WhiteClock "0:00:02"]
[BlackClock "0:00:30"]

1. d4 Nf6 2. Nf3 e6 3. c4 c5 4. d5 exd5 5. cxd5 b5 6. a4 b4 7. Nbd2 d6 8. e4 g6 9. b3 Bg7 10. Bb2 O-O 11. Bd3 Re8 12. O-O Nxe4 13. Bxg7 Nxd2 14. Bb2 Nxf1 15. Bxf1 Bg4 16. h3 Bxf3 17. Qxf3 Nd7 18. Bb5 Qe7 19. Bc6 Rad8 20. Qf4 f6 21. h4 Rf8 22. h5 Ne5 23. Bb5 f5 24. Rf1 g5 25. Qd2 f4 26. Ba1 f3 27. g3 Qf6 28. Re1 Rf7 29. Bf1 Re7 30. Bh3 Rde8 31. Be6+ Rxe6 32. dxe6 Qxe6 33. Qxg5+ Kf7 34. h6 Qf6 35. Qh5+ Qg6 36. Qh4 Ng4 37. Rxe8 Qb1+ 38. Re1 Qxe1# 0-1


[Site "https://www.chess.com"]

[Event "Titled Tuesday Blitz May 03 Late 2022"]
[White "Zhigalko, Sergei"]
[Black "Rustemov, Alexander"]
[WhiteFideId "13502956"]
[BlackFideId "4119002"]
[WhiteElo "2662"]
[BlackElo "2722"]
[Result "0-1"]
[Round "03"]
[TimeControl "180+1"]
[Date "2022.05.03"]
[WhiteClock "0:00:03"]
[BlackClock "0:00:09"]

1. e4 e6 2. d4 d5 3. e5 c5 4. c3 Qb6 5. Nf3 Bd7 6. Be2 cxd4 7. cxd4 Bb5 8. Nc3 Bxe2 9. Nxe2 Bb4+ 10. Kf1 Qa6 11. g3 Nc6 12. Kg2 Nge7 13. a3 Nc8 14. Bg5 Be7 15. h4 h6 16. Bxe7 N8xe7 17. Rc1 Rc8 18. Nf4 Qb6 19. Qd2 Kd7 20. b4 Nf5 21. Rc5 a6 22. Qd3 Nfe7 23. Rhc1 g6 24. Qd2 Qa7 25. Nd3 b6 26. R5c3 Nf5 27. Qf4 Rh7 28. g4 Nfe7 29. a4 Nd8 30. a5 Rxc3 31. Rxc3 bxa5 32. Nc5+ Ke8 33. bxa5 Ndc6 34. Nb3 Qb7 35. Qc1 h5 36. Ng5 Rg7 37. f3 Qb5 38. Kg3 Kd7 39. Nc5+ Kc8 40. Rb3 Qxa5 41. Nd3 Kc7 42. Nf4 Rg8 43. Qb2 Rb8 44. Rxb8 Nxb8 45. Nfxe6+ fxe6 46. Nxe6+ Kc8 47. Qc2+ Nbc6 48. Nf4 Qe1+ 49. Kg2 hxg4 50. Nxd5 gxf3+ 51. Kxf3 Qh1+ 52. Kg4 Qxd5 53. Qd3 Qxd4+ 54. Qxd4 Nxd4 0-1


[Site "https://www.chess.com"]

[Event "Titled Tuesday Blitz May 03 Late 2022"]
[White "Ambartsumova, Karina"]
[Black "Pakleza, Zbigniew"]
[WhiteFideId "4166299"]
[BlackFideId "1119290"]
[WhiteElo "2262"]
[BlackElo "2467"]
[Result "0-1"]
[Round "04"]
[TimeControl "180+1"]
[Date "2022.05.03"]
[WhiteClock "0:00:07"]
[BlackClock "0:00:42"]

1. d4 d5 2. Nf3 Bf5 3. c4 e6 4. Nc3 c6 5. Qb3 Qb6 6. c5 Qc7 7. g3 Nd7 8. Bf4 Qc8 9. Nh4 Bg6 10. Nxg6 hxg6 11. Qc2 Ne7 12. Bg2 Nf5 13. Qd2 b6 14. cxb6 axb6 15. O-O Be7 16. e4 dxe4 17. Nxe4 Ra4 18. Rac1 Rxd4 19. Qe2 c5 20. Rfd1 O-O 21. Qb5 Rxd1+ 22. Rxd1 Nd4 23. Qc4 Rd8 24. Bd6 Bxd6 25. Nxd6 Qb8 26. Nb7 Ne5 27. Qa6 Ndf3+ 28. Bxf3 Nxf3+ 29. Kg2 Rxd1 0-1


[Site "https://www.chess.com"]

[Event "Titled Tuesday Blitz May 03 Late 2022"]
[White "Ansh M Shah"]
[Black "Kruckenhauser, Arthur"]
[WhiteFideId "25033379"]
[BlackFideId "1642812"]
[WhiteElo "1819"]
[BlackElo "2243"]
[Result "1/2-1/2"]
[Round "04"]
[TimeControl "180+1"]
[Date "2022.05.03"]
[WhiteClock "0:00:15"]
[BlackClock "0:00:13"]

1. d4 Nf6 2. c4 e6 3. Nf3 d5 4. g3 Be7 5. Bg2 O-O 6. O-O dxc4 7. Ne5 Nc6 8. Bxc6 bxc6 9. Nxc6 Qe8 10. Nxe7+ Qxe7 11. Qa4 e5 12. dxe5 Qxe5 13. Nc3 Be6 14. Bf4 Qh5 15. Qb5 Qxb5 16. Nxb5 Rab8 17. Nxc7 Rxb2 18. Nxe6 fxe6 19. Rfc1 Rc8 20. Kf1 Nd5 21. Be5 Rb5 22. Bd4 e5 23. Bxe5 Ne3+ 24. fxe3 Rxe5 25. Rc3 Rf8+ 26. Kg2 Ref5 27. Rxc4 Rf2+ 28. Kh3 Rxe2 29. Rc7 Rff2 30. Rxa7 h5 31. Kh4 Rxh2+ 32. Kg5 Kh7 33. Rb1 Rxe3 34. Kf4 Re6 35. Rbb7 Rf6+ 36. Kg5 Rg6+ 37. Kf4 Rf2+ 38. Ke3 Rff6 39. a4 Rxg3+ 40. Ke4 Rfg6 41. a5 h4 42. a6 h3 43. Rb2 Rg2 44. Rb3 h2 45. Rh3+ Rh6 46. Rxh6+ Kxh6 47. Ra8 Kg6 48. Rh8 Ra2 49. Rxh2 Rxa6 50. Rg2+ Kf7 51. Kf5 Ra5+ 52. Kg4 Ra4+ 53. Kg5 Ra5+ 54. Kg4 Kf6 55. Rb2 Ra4+ 56. Kg3 Kg6 57. Rb6+ Kh5 58. Rb5+ g5 59. Rb3 Rc4 60. Ra3 Rd4 61. Rb3 Rg4+ 62. Kh3 Rh4+ 63. Kg3 Rh1 64. Kg2 Ra1 65. Kg3 Ra8 66. Rc3 Rf8 67. Ra3 Kg6 68. Ra6+ Kf5 69. Ra3 Kg6 70. Ra6+ Kh5 71. Ra3 Rd8 72. Rb3 Rd4 73. Ra3 Rg4+ 74. Kh3 Rh4+ 75. Kg3 Rh1 76. Kg2 Rc1 77. Kg3 Rc6 78. Rb3 Kg6 79. Ra3 Rc5 80. Ra6+ Kf5 81. Ra3 Rd5 82. Rf3+ Kg6 83. Ra3 Kf6 84. Ra6+ Kf5 85. Ra3 Re5 86. Rf3+ Kg6 87. Ra3 Re4 88. Ra6+ Kh5 89. Ra3 Rb4 90. Rc3 Rb5 91. Ra3 g4 92. Rc3 Rd5 93. Ra3 Kg5 94. Rb3 Re5 95. Ra3 Rf5 96. Rb3 Kh5 97. Ra3 Rg5 98. Ra8 Rb5 99. Ra3 Kg5 100. Rc3 Kf5 101. Ra3 Rc5 102. Rb3 Rd5 103. Ra3 Rb5 104. Rc3 Rb1 105. Rc5+ Ke6 106. Kxg4 Rg1+ 107. Kf3 Rf1+ 108. Ke2 Ra1 109. Rc3 Kd6 110. Kd3 Rd1+ 111. Kc2 Rh1 112. Rd3+ Kc5 113. Rg3 Rh2+ 114. Kd3 Kd5 115. Rg5+ Ke6 116. Ke4 Kf6 117. Ra5 Rh4+ 118. Kf3 Rh3+ 119. Kg4 Rb3 120. Ra6+ Ke5 121. Ra5+ Kd6 122. Kf5 Kc6 123. Re5 Rb1 124. Re6+ Kd7 125. Re4 Rf1+ 126. Ke5 Ra1 127. Rd4+ Ke7 128. Ke4 Re1+ 129. Kd3 Rh1 130. Re4+ Kd6 131. Re3 Kc5 132. Rg3 Rd1+ 133. Ke4 Re1+ 134. Kf5 Rf1+ 135. Kg5 Kd5 136. Rg4 Ke5 137. Rg2 Rf5+ 138. Kg4 Rf4+ 139. Kg3 Rf8 140. Re2+ Kd4 141. Rf2 Rg8+ 142. Kf3 Kd3 143. Rg2 Rf8+ 144. Kg3 Ke3 145. Kh2 Kf3 146. Rg3+ Kf4 147. Kg2 Ra8 148. Rf3+ Kg4 149. Rg3+ Kh4 150. Rh3+ Kg4 151. Rg3+ Kf4 152. Rf3+ Ke4 153. Rf2 Rg8+ 154. Kf1 Ke3 155. Re2+ Kd3 156. Rf2 1/2-1/2


[Site "https://www.chess.com"]

[Event "Titled Tuesday Blitz May 03 Late 2022"]
[White "Barria Zuniga, Daniel"]
[Black "Dubov, Daniil"]
[WhiteFideId "3400816"]
[BlackFideId "24126055"]
[WhiteElo "2414"]
[BlackElo "2791"]
[Result "0-1"]
[Round "04"]
[TimeControl "180+1"]
[Date "2022.05.03"]
[WhiteClock "0:00:04"]
[BlackClock "0:00:59"]

1. c4 c6 2. g3 d5 3. Bg2 d4 4. Nf3 c5 5. b4 Nf6 6. bxc5 Nc6 7. O-O e5 8. d3 Bxc5 9. Bg5 O-O 10. Nbd2 Be7 11. a4 Bf5 12. a5 Rb8 13. Qa4 Bd7 14. Rfb1 Qc7 15. Ne1 h6 16. Bxf6 Bxf6 17. Nc2 Be7 18. Qa2 h5 19. Rb5 h4 20. Rab1 h3 21. Bd5 a6 22. Rb6 Bc5 23. Ne4 Bxb6 24. axb6 Qd8 25. c5 Ne7 26. Nd6 Nxd5 27. Qxd5 Qe7 28. Nb4 a5 29. Nc2 Bc6 30. Qc4 Rfd8 31. Ra1 Ra8 32. e3 dxe3 33. Nxe3 Rxd6 34. cxd6 Qxd6 35. Kf1 a4 36. Ke2 Qf6 37. Qg4 e4 38. d4 Qxd4 39. Rd1 Bb5+ 40. Ke1 Qc3+ 41. Rd2 a3 0-1


[Site "https://www.chess.com"]

[Event "Titled Tuesday Blitz May 03 Late 2022"]
[White "Bas Mas, Jose Joaquin"]
[Black "Hernandez Bermudez, Ulises Eduardo"]
[WhiteFideId "22219064"]
[BlackFideId "3902510"]
[WhiteElo "2212"]
[BlackElo "2056"]
[Result "1-0"]
[Round "04"]
[TimeControl "180+1"]
[Date "2022.05.03"]
[WhiteClock "0:01:11"]
[BlackClock "0:00:09"]

1. e4 c5 2. Nc3 Nc6 3. Bb5 Nd4 4. Nf3 Nxb5 5. Nxb5 d6 6. O-O g6 7. d4 a6 8. Nc3 cxd4 9. Qxd4 Nf6 10. e5 dxe5 11. Qxd8+ Kxd8 12. Nxe5 Be6 13. Bg5 Bg7 14. Rad1+ Kc7 15. Bf4 Nh5 16. Nxg6+ Nxf4 17. Nxf4 Bxc3 18. Nxe6+ fxe6 19. bxc3 Rad8 20. Rde1 Rd6 21. Re3 Rhd8 22. Rfe1 Rc6 23. g4 Rd2 24. Rxe6 Rxe6 25. Rxe6 Kd7 26. Rb6 Kc7 27. Rh6 Rxc2 28. Rxh7 Kd7 29. g5 Rxc3 30. g6 Rc5 31. h4 Ke6 32. g7 Kf7 33. g8=Q+ Kxg8 34. Rxe7 b5 35. Ra7 Rc4 36. Rxa6 Rxh4 37. Ra5 Rb4 38. Kg2 Kf7 39. Kg3 Kf6 40. Ra8 Rb2 41. f3 b4 42. Kf4 Rh2 43. Ra6+ Ke7 44. Ke5 Re2+ 45. Kf5 Rc2 46. f4 Rc5+ 47. Ke4 Rc2 48. Ke5 Re2+ 49. Kf5 Rf2 50. Ra7+ Kd6 51. Kg5 Kd5 52. f5 Kc4 53. f6 Kc3 54. Kg6 Kb2 55. f7 Rg2+ 56. Kf6 Rf2+ 57. Ke7 Re2+ 58. Kd8 Rf2 59. Ke8 Re2+ 60. Re7 Rf2 61. Rb7 Re2+ 62. Kd8 Rf2 63. Rxb4+ Ka3 64. Rb7 Rd2+ 65. Ke8 Re2+ 66. Re7 Rf2 67. f8=Q Rxf8+ 68. Kxf8 Kxa2 69. Re3 1-0


[Site "https://www.chess.com"]

[Event "Titled Tuesday Blitz May 03 Late 2022"]
[White "Bernal Moro, Luis Javier"]
[Black "Richter, Nils"]
[WhiteFideId "2200236"]
[BlackFideId "12990809"]
[WhiteElo "2373"]
[BlackElo "2243"]
[Result "0-1"]
[Round "04"]
[TimeControl "180+1"]
[Date "2022.05.03"]
[WhiteClock "0:00:01"]
[BlackClock "0:00:12"]

1. Nf3 Nf6 2. c4 g6 3. Nc3 Bg7 4. e4 O-O 5. d4 d6 6. Be2 e5 7. O-O Bg4 8. d5 a5 9. Be3 Na6 10. Nd2 Bd7 11. Rb1 Ne8 12. Qc2 f5 13. exf5 gxf5 14. f4 Nc5 15. Rbe1 e4 16. Nb3 Nxb3 17. axb3 b6 18. Kh1 Nf6 19. Rg1 Kh8 20. Qd2 Qe7 21. Nd1 Rae8 22. Bd4 Rg8 23. Ne3 Qf7 24. Qd1 Re7 25. Ref1 Ne8 26. Bxg7+ Qxg7 27. Qd2 Nf6 28. g3 Qf8 29. Rg2 Reg7 30. Rfg1 Bc8 31. Qd1 Nd7 32. Qd4 Qf6 33. Qxf6 Nxf6 34. h3 Rf8 35. Kh2 Nd7 36. Bd1 Nc5 37. Bc2 Kg8 38. Rd1 Kf7 39. Kg1 Ke7 40. Kf2 Bd7 41. Ke2 Rfg8 42. Rdg1 Kf6 43. Kd2 h5 44. h4 b5 45. Kc3 a4 46. b4 Nb7 47. cxb5 Bxb5 48. b3 axb3 49. Bxb3 Nd8 50. Nc2 Bd7 51. Nd4 Nf7 52. Bd1 Rh7 53. Ra2 Nh6 54. Ra7 Be8 55. b5 Ng4 0-1


[Site "https://www.chess.com"]

[Event "Titled Tuesday Blitz May 03 Late 2022"]
[White "Bifulco, Michel"]
[Black "Redzisz, Michal"]
[WhiteFideId "828580"]
[BlackFideId "21816107"]
[WhiteElo "2165"]
[BlackElo "2014"]
[Result "0-1"]
[Round "04"]
[TimeControl "180+1"]
[Date "2022.05.03"]
[WhiteClock "0:00:15"]
[BlackClock "0:00:06"]

1. d4 Nf6 2. Nc3 d5 3. Bf4 g6 4. h4 h5 5. e3 Bg7 6. Nf3 O-O 7. Qd2 c5 8. O-O-O cxd4 9. exd4 Nc6 10. Ne5 Bf5 11. f3 Nd7 12. Nxc6 bxc6 13. Be2 e5 14. dxe5 Nxe5 15. g4 hxg4 16. fxg4 Nxg4 17. h5 g5 18. Bxg5 Bxc3 19. bxc3 Qa5 20. Qd4 c5 21. Qf4 d4 22. cxd4 cxd4 23. Bd3 Rfe8 24. Qxf5 Qa3+ 25. Kb1 Rab8+ 26. Bb5 Qb4+ 27. Ka1 Rxb5 28. Qxb5 Qxb5 29. Rxd4 Qxg5 30. Rg1 Qe5 31. Rxg4+ Kh8 32. c3 Qe1+ 33. Kb2 Rb8+ 34. Ka3 Qxc3+ 35. Ka4 Qc2+ 36. Ka3 Qb2+ 37. Ka4 Qb5+ 38. Ka3 Qa6+ 39. Ra4 Qd3# 0-1


[Site "https://www.chess.com"]

[Event "Titled Tuesday Blitz May 03 Late 2022"]
[White "Biletskiy, Danylo"]
[Black "Tymrakiewicz, Rafal"]
[WhiteFideId "14155419"]
[BlackFideId "1108832"]
[WhiteElo "2087"]
[BlackElo "2205"]
[Result "1-0"]
[Round "04"]
[TimeControl "180+1"]
[Date "2022.05.03"]
[WhiteClock "0:00:05"]
[BlackClock "0:00:06"]

1. e4 Nf6 2. d3 e5 3. Nf3 Nc6 4. Nc3 h6 5. g3 g5 6. Bg2 Bc5 7. Be3 Bb6 8. Nd5 d6 9. O-O Nxd5 10. exd5 Ne7 11. c4 Bxe3 12. fxe3 f5 13. Qe2 O-O 14. b4 Bd7 15. e4 f4 16. d4 g4 17. Nh4 f3 18. Bxf3 gxf3 19. Qe3 Kh7 20. dxe5 dxe5 21. Rxf3 Rxf3 22. Nxf3 Ng6 23. Rf1 Qe7 24. a3 b6 25. h4 Bg4 26. Nh2 Bh3 27. Rf2 Rf8 28. h5 Nh8 29. Rxf8 Qxf8 30. g4 Nf7 31. Qxh3 Ng5 32. Qe3 Qc8 33. Kg2 Qa6 34. Qd3 Qa4 35. Nf3 Nf7 36. Kf2 Qd7 37. Kg3 Qe7 38. Qe3 Qd7 39. c5 Kg7 40. Qc3 Qe7 41. cxb6 axb6 42. Qc6 Nd6 43. Qc2 Qf6 44. Qd2 Nxe4+ 45. Kg2 Nxd2 46. Nxd2 Qf4 47. Nf3 Qxg4+ 48. Kf2 e4 49. Nd4 Qf4+ 50. Ke2 Qg4+ 51. Ke3 Qg3+ 52. Kxe4 Qh4+ 53. Kd3 Qxh5 54. Ne6+ Kf6 55. Nxc7 Ke5 56. Kc4 Kd6 57. Nb5+ Ke5 58. Nc3 Qh4+ 59. Kb5 Qd8 60. Ka4 Kd4 61. Kb3 Kd3 62. Nb5 h5 63. Ka4 h4 64. d6 h3 65. Nc7 Qd7+ 66. b5 h2 67. Nd5 Qxd6 68. Nb4+ Kd2 69. Na6 h1=Q 70. Kb3 Qa8 71. Nb4 Qa6 72. a4 Qc5 73. Nxa6 Qd5+ 74. Kb4 Kd3 75. a5 Qc4+ 76. Ka3 bxa5 77. b6 Qc3+ 78. Ka4 Qc4+ 79. Kxa5 Qa2+ 80. Kb5 Qc4+ 81. Ka5 Qb3 82. Nc5+ Kc4 83. Nxb3 1-0


[Site "https://www.chess.com"]

[Event "Titled Tuesday Blitz May 03 Late 2022"]
[White "Bluebaum, Matthias"]
[Black "Koellner, Ruben Gideon"]
[WhiteFideId "24651516"]
[BlackFideId "12993093"]
[WhiteElo "2550"]
[BlackElo "2619"]
[Result "1-0"]
[Round "04"]
[TimeControl "180+1"]
[Date "2022.05.03"]
[WhiteClock "0:00:55"]
[BlackClock "0:00:01"]

1. d4 Nf6 2. c4 e6 3. Nc3 c5 4. d5 exd5 5. cxd5 d6 6. Nf3 g6 7. Bg5 Bg7 8. Nd2 h6 9. Bh4 g5 10. Bg3 Nh5 11. Nc4 Nxg3 12. hxg3 O-O 13. e4 Re8 14. Ne3 Qa5 15. Qd2 a6 16. Nc4 Qc7 17. a4 Nd7 18. Be2 Ne5 19. Ne3 Bd7 20. f4 Ng6 21. fxg5 hxg5 22. Nf5 Bxf5 23. exf5 Ne5 24. Ne4 f6 25. Kf1 g4 26. Qf4 Qe7 27. Re1 Rad8 28. Nf2 Qf7 29. Nxg4 Qxd5 30. Nxe5 dxe5 31. Qh4 Qd4 32. Qh7+ Kf8 33. Rh4 e4 34. Qg6 Rd5 35. b3 Qe5 36. Rf4 e3 37. Bf3 Rd2 38. Re4 Qb8 39. R1xe3 Rxe4 40. Rxe4 Rd7 41. Kg1 Qd8 42. Kh2 Rd4 43. Bh5 1-0


[Site "https://www.chess.com"]

[Event "Titled Tuesday Blitz May 03 Late 2022"]
[White "Bordi, Kevin"]
[Black "Kohler, Aran"]
[WhiteFideId "621862"]
[BlackFideId "1002856"]
[WhiteElo "2649"]
[BlackElo "2337"]
[Result "1-0"]
[Round "04"]
[TimeControl "180+1"]
[Date "2022.05.03"]
[WhiteClock "0:00:35"]
[BlackClock "0:00:18"]

1. e4 c6 2. c4 d5 3. cxd5 cxd5 4. exd5 Qxd5 5. Nc3 Qd8 6. d4 e6 7. Nf3 Nf6 8. Bd3 a6 9. O-O Be7 10. Ne5 Nbd7 11. Qf3 Nxe5 12. dxe5 Nd5 13. Ne4 h6 14. Qg3 g5 15. f4 Nb4 16. Bb1 Bd7 17. fxg5 hxg5 18. Bxg5 Qb6+ 19. Be3 Qc7 20. Nd6+ Bxd6 21. exd6 Qc4 22. Bg6 Rf8 23. Bxf7+ Kd8 24. Rac1 1-0


[Site "https://www.chess.com"]